 Dungeon Crawl Stone Soup version 0.29.1-12-g30fa7ad0bf (webtiles) character file.

Game seed: 2604266211472347327

199 wormed the Trooper (level 5, -1/33 HPs)
             Began as a Gargoyle Fighter on Dec 24, 2022.
             Slain by Grinder (2 damage)
             ... in a sewer.
             The game lasted 00:05:18 (3792 turns).

wormed the Trooper (Gargoyle Fighter)               Turns: 3792, Time: 00:05:19

Health: -1/33      AC: 12    Str: 21      XL:     5   Next: 77%
Magic:  5/5        EV:  9    Int:  9      God:
Gold:   80         SH:  4    Dex:  5 (9)  Spells: 4/4 levels left

rFire   . . .      SeeInvis .   a - +0 flail
rCold   . . .      Faith    .   c - +0 buckler
rNeg    + . .      Spirit   .   b - +0 scale mail
rPois   ∞          Reflect  .   f - +0 helmet
rElec   +          Harm     .   (no cloak)
rCorr   .          Rampage  .   (no gloves)
Will    .....                   (no boots)
Stlth   ..........              (no amulet)
HPRegen 0.11/turn               (no ring)
MPRegen 0.09/turn               (no ring)

@: no status effects
A: sickness immunity, AC +4, negative energy resistance 1, electricity
resistance, torment resistance 1, petrification resistance
a: no special abilities


You were in a sewer.
You visited 1 branch of the dungeon, and saw 3 of its levels.
You also visited: Sewer.

You collected 80 gold pieces.

Inventory:

Hand Weapons
 a - a +0 flail (weapon)
Missiles
 j - 5 javelins (quivered)
Armour
 b - a +0 scale mail (worn)
 c - a +0 buckler (worn)
 f - a +0 helmet (worn)
Jewellery
 m - a ring of magical power
 r - a ring of protection from fire
Scrolls
 e - a scroll of teleportation {unknown}
 g - a scroll of noise {unknown}
 k - a scroll of identify {unknown}
 p - a scroll of poison {unknown}
 q - a scroll of butterflies {unknown}
Potions
 d - 2 potions of might
 h - a potion of curing {unknown}
 i - a potion of brilliance {unknown}
 l - 3 potions of lignification {unknown}
 o - a potion of resistance {unknown}
 s - a potion of haste


   Skills:
 + Level 4.2 Fighting
 * Level 3.9 Maces & Flails
 + Level 4.2 Armour
 + Level 4.2 Shields


You had 4 spell levels left.
You didn't know any spells.
Your spell library contained the following spells:

 Spells                   Type           Power      Damage    Failure   Level
 Apportation              Tloc           0%         N/A       80%         1
 Stone Arrow              Conj/Erth      0%         3d7       99%         3
 Animate Armour           Summ/Erth      0%         N/A       100%        4
 Alistair's Intoxication  Tmut/Pois      0%         N/A       100%        5
 Lehudib's Crystal Spear  Conj/Erth      0%         10d2      100%        8


Dungeon Overview and Level Annotations

Branches:
Dungeon (3/15)              Sewer (1/1)

Altars:
Ru

Annotations:
Sewer Grinder


Innate Abilities, Weirdness & Mutations

You are immune to sickness and miasma.
Your stone body is resilient. (AC +4)
You are immune to poison.
You resist negative energy. (rN+)
You are resistant to electric shocks. (rElec)
You are resistant to unholy torment.
You are immune to petrification.


Message History

You completely miss Grinder. Grinder hits you but does no damage.
You hit Grinder.
Grinder is lightly wounded.
Grinder hits you.
Throw: dart (atropa)
Press: ? - help, Q - select action, (/) - cycle Shift-Dir - straight line, f/p - Grinder
Aim: Grinder (lightly wounded, 47% to hit, chance to blind on hit: 3%)
You throw an atropa-tipped dart. The atropa-tipped dart hits Grinder.
Grinder resists.
Grinder is lightly wounded.
Grinder gestures at you. You resist with significant effort.
You hit Grinder.
Grinder is lightly wounded.
Grinder says, "FISH!"
Grinder hits you but does no damage.
You closely miss Grinder.
Grinder is lightly wounded.
Grinder hits you.
You writhe in agony.
Grinder hits you but does no damage.
You sock Grinder!
Grinder is heavily wounded.
You block Grinder's attack.
You hit Grinder.
Grinder is severely wounded.
Grinder gestures at you. Pain shoots through your body!
You closely miss Grinder.
Grinder is heavily wounded.
Grinder hits you. Grinder closely misses you.
You sock Grinder!
Grinder is almost dead.
Grinder gestures at you. Pain shoots through your body!
* * * LOW HITPOINT WARNING * * *
You closely miss Grinder.
Grinder is almost dead.
Grinder hits you.
* * * LOW HITPOINT WARNING * * *
You writhe in agony.
You die...

#≈≈~#≈≈~≈~...≈....≈≈~≈#
#≈~.#~.≈~..#≈≈≈#...~.~#
#~~.#......#≈≈≈#......#
#≈.~#)#######≈#######+#
#≈.≈#......#...#......#
#≈.~~~≈~~~≈.....)~.~~~#
#~≈~#≈~≈≈~~#).)#~≈≈≈~≈#
#############)#########
###..@### #####
#...○5..#≈~≈~~≈
+.......)......
+.○._.○))......
+.....(.'......
#..○.○..#≈≈≈≈≈~
##...(.######## ##+++##


You could see Grinder.

Vanquished Creatures
  A quasit (Sewer)
  Terence (D:2)
  Robin (D:2)
  3 adders
  2 shadow imps (Sewer)
  2 ufetubi (Sewer)
  3 worms (D:3)
  A dart slug (D:1)
  An orc (D:3)
  4 ball pythons
  5 bats
  4 endoplasms
  3 giant cockroaches
  14 goblins
  8 hobgoblins
  12 kobolds
  2 frilled lizards
  2 rats
69 creatures vanquished.

Vanquished Creatures (others)
  A bat zombie (Sewer)
1 creature vanquished.

Grand Total: 70 creatures vanquished

Notes
Turn   | Place    | Note
-------+----------+-------------------------------------------
     0 | D:1      | wormed the Gargoyle Fighter began the quest for the Orb.
     0 | D:1      | Reached XP level 1. HP: 14/14 MP: 1/1
   155 | D:1      | Reached XP level 2. HP: 18/19 MP: 2/2
   237 | D:1      | Found a faded altar of an unknown god.
   588 | D:2      | Noticed Terence
   650 | D:1      | Reached XP level 3. HP: 9/23 MP: 3/3
   929 | D:2      | Noticed Robin
   974 | D:2      | HP: 1/23 [goblin/+0 club[Robin] (4)]
  1594 | D:2      | Killed Robin
  1595 | D:2      | Reached XP level 4. HP: 21/29 MP: 4/4
  1814 | D:2      | Found a sacrificial altar of Ru.
  1828 | D:2      | Killed Terence
  2573 | D:3      | Reached XP level 5. HP: 22/33 MP: 5/5
  3102 | D:3      | Found a glowing drain.
  3127 | Sewer    | Entered a sewer
  3549 | Sewer    | Found a burning altar of Makhleb.
  3763 | Sewer    | Noticed Grinder
  3769 | Sewer    | Paralysed by Grinder for 4 turns
  3777 | Sewer    | Paralysed by Grinder for 3 turns
  3792 | Sewer    | HP: 1/33 [Grinder (5)]
  3792 | Sewer    | Slain by Grinder

Illustrated notes

Levels and vault maps discovered:
D:1:      dpeg_arrival_orchard, layout_basic, basic_ecumenical_altar,
          kennysheep_boxes
D:2:      layout_rooms, basic_altar, chequers_serial_rivers_micro_b, uniq_robin,
          uniq_terence
D:3:      layout_basic, cheibrodos_sewer_entry_bend
Sewer:    kennysheep_sewer_church

Skill      XL: |  1  2  3  4 |
---------------+-------------+-----
Maces & Flails | 3 |  3.9
Fighting       | 4 |  4.2
Shields        | 4 |  4.2
Armour         | 4 |  4.2

Action                   |  1- 3 |  4- 6 || total
-------------------------+-------+-------++-------
Melee: Flail             |   135 |   193 ||   328
Throw: Dart              |       |     3 ||     3
  Use: Potion            |     1 |       ||     1
Armor: Scale mail        |   129 |   150 ||   279
Dodge: Dodged            |    90 |   115 ||   205
Block: Buckler           |    36 |    63 ||    99
